 Dungeon Crawl Stone Soup version 0.27-a0-1342-ga99462a43c (webtiles) character file.

Game seed: 13425823065163983973

383 Delamore the Covert (level 6, -7/41 HPs)
             Began as an Octopode Brigand on June 27, 2021.
             Killed from afar by an orc wizard (13 damage)
             ... with a puff of flame
             ... on level 5 of the Dungeon.
             The game lasted 00:03:36 (4170 turns).

Delamore the Covert (Octopode Brigand)              Turns: 4170, Time: 00:03:37

Health: -7/41      AC:  1    Str: 10    XL:     6   Next: 76%
Magic:  6/6        EV: 13    Int: 13    God:
Gold:   144        SH:  0    Dex: 16    Spells: 5/5 levels left

rFire    . . .     SeeInvis .   k - +2 dagger (venom)
rCold    . . .     Faith    .   (no shield)
rNeg     . . .     Spirit   .   (helmet restricted)
rPois    .         Reflect  .   (no amulet)
rElec    .         Harm     .   (no ring)
rCorr    .         Rampage  .   (no ring)
Will     .....                  (no ring)
Stlth    +++++.....             (no ring)
HPRegen  0.13/turn              (no ring)
MPRegen  0.10/turn              (no ring)
                                (no ring)
                                (no ring)

@: no status effects
A: almost no armour, amphibious, 8 rings, camouflage 1, gelatinous body 1,
(nimble swimmer 1), tentacles
a: no special abilities


You were on level 5 of the Dungeon.
You visited 1 branch of the dungeon, and saw 5 of its levels.

You collected 144 gold pieces.

Inventory:

Hand Weapons
 a - a +2 dagger
 k - a +2 dagger of venom (weapon)
Missiles
 b - 20 poisoned darts (quivered)
 c - a curare-tipped dart
 f - 2 boomerangs
Scrolls
 h - 2 scrolls of magic mapping
 n - a scroll of noise {unknown}
 o - a scroll of fog {unknown}
 p - a scroll of vulnerability {unknown}
 q - a scroll of immolation {unknown}
Potions
 d - a potion of lignification {unknown}
 e - 2 potions of mutation {unknown}
 g - a potion of might {unknown}
 i - a potion of brilliance {unknown}
 j - a potion of invisibility {unknown}
 l - a potion of curing {unknown}
 m - 2 potions of ambrosia {unknown}


   Skills:
 + Level 2.6 Fighting
 + Level 3.2 Short Blades
 - Level 2.0 Throwing
 - Level 1.0 Dodging
 - Level 10.0 Stealth


You had 5 spell levels left.
You didn't know any spells.
Your spell library contained the following spells:

 Spells                   Type           Power      Damage    Failure   Level
 Animate Skeleton         Necr           0%         N/A       30%         1
 Magic Dart               Conj           0%         1d3       30%         1
 Pain                     Necr           0%         1d4       30%         1
 Blink                    Tloc           N/A        N/A       43%         2
 Call Imp                 Summ           0%         N/A       43%         2
 Slow                     Hex            0%         N/A       43%         2
 Conjure Flame            Conj/Fire      0%         6-21      67%         3
 Mephitic Cloud           Conj/Pois/Air  0%         N/A       67%         3
 Vampiric Draining        Necr           0%         2d6       67%         3
 Animate Dead             Necr           0%         N/A       97%         4
 Agony                    Necr           0%         N/A       100%        5


Dungeon Overview and Level Annotations

Branches:
Dungeon (5/15)
 Temple: D:4-7

Altars:


Innate Abilities, Weirdness & Mutations

You cannot wear most types of armour.
You are amphibious.
You can wear up to eight rings at the same time.
Your skin changes colour to match your surroundings (Stealth+).
Your rubbery body absorbs attacks. (AC +1, EV +1)
((You are camouflaged near water. (Stealth+)))
You have tentacles for arms and can constrict up to eight enemies at once.


Message History

You see here 13 gold pieces.
An orc comes into view. It is wielding a +0 whip.
The orc shouts!
You hear a shout! x2
An orc comes into view. It is wielding a +0 mace.
An ice beast comes into view.
The orc hits you with a +0 whip.
You hit the orc.
The orc is poisoned.
You grab the orc.
The orc is heavily wounded.
You constrict the orc. The orc closely misses you.
You barely miss the orc.
The orc is heavily wounded.
You constrict the orc.
You kill the orc!
You hit the orc.
The orc is poisoned.
Your grab misses the orc.
The orc is lightly wounded.
You closely miss the orc. You grab the orc. You constrict the orc.
You barely miss the orc. You squeeze the orc, but do no damage.
The orc is lightly wounded.
You constrict the orc.
An orc wizard comes into view. It is wielding a +0 dagger.
The orc hits you with a +0 mace. The orc hits you with a +0 whip.
The orc wizard shouts!
You hit the orc.
The orc looks as sick as possible!
The orc is severely wounded.
You constrict the orc.
You kill the orc!
The orc hits you with a +0 whip.
You hit the orc. You grab the orc.
The orc is heavily wounded.
You constrict the orc. The orc hits you with a +0 whip.
You hit the orc. You squeeze the orc.
You kill the orc!
You hit the ice beast.
The ice beast is lightly wounded.
The ice beast hits you. The ice beast freezes you!
* * * LOW HITPOINT WARNING * * *
You are too injured to fight recklessly!
The orc wizard casts a spell at you. The puff of flame hits you!
You die...

#. #.# #. #.# # #. #.# #
#. #<##.# .#
##.##.##.#########.#
##..................###
........#....$....∩....
........######...####
........##.....#@).#
.........#.###...#o#
........##......)Y......
.......###..######.##..#
.......# #. ..# .#
...###.# ... . #### #.#
.#.. #.# #..# #.# .#


You could see an ice beast and an orc wizard.

Vanquished Creatures
  A sky beast (D:5)
  A scorpion (D:4)
  A hound (D:4)
  An orc wizard (D:3)
  6 adders
  2 worms
  4 dart slugs
  5 orcs
  6 ball pythons
  6 endoplasms
  3 giant cockroaches
  10 hobgoblins
  16 jackals
  6 kobolds
  5 quokkas
  7 bats
  A frilled lizard (D:1)
  8 goblins
  7 rats
96 creatures vanquished.

Notes
Turn   | Place    | Note
-------+----------+-------------------------------------------
     0 | D:1      | Delamore the Octopode Brigand began the quest for the Orb.
     0 | D:1      | Reached XP level 1. HP: 14/14 MP: 1/1
    30 | D:1      | Reached XP level 2. HP: 6/19 MP: 2/2
    64 | D:1      | Reached skill level 6 in Stealth
   494 | D:1      | Reached XP level 3. HP: 17/24 MP: 3/3
  1095 | D:1      | Reached skill level 7 in Stealth
  1150 | D:1      | Noticed a floating eye
  1152 | D:1      | Found a faded altar of an unknown god.
  1154 | D:1      | Noticed a great orb of eyes
  1154 | D:1      | Noticed a golden eye
  1154 | D:1      | Noticed a floating eye
  1631 | D:2      | Reached XP level 4. HP: 29/29 MP: 4/4
  2138 | D:3      | Reached skill level 8 in Stealth
  2306 | D:3      | Reached XP level 5. HP: 33/34 MP: 5/5
  3334 | D:4      | Reached skill level 9 in Stealth
  3505 | D:4      | Reached XP level 6. HP: 39/39 MP: 6/6
  3963 | D:5      | Entered Level 5 of the Dungeon
  3966 | D:5      | Noticed a sky beast
  3974 | D:5      | Killed a sky beast
  3975 | D:5      | Reached skill level 10 in Stealth
  4160 | D:5      | Noticed an ice beast
  4170 | D:5      | Killed from afar by an orc wizard

Illustrated notes

Levels and vault maps discovered:
D:1:      minmay_arrival_three_doors, layout_rooms,
          hellmonk_ecumenical_altar_watching_god
D:2:      layout_loops_cross
D:3:      minmay_spotlight, layout_basic
D:4:      layout_loops_ring
D:5:      layout_loops_ring, temple_fountains, abandoned_shop

Skill      XL: |  1  2  3  4  5  6 |
---------------+-------------------+-----
Stealth        | 6 7 8 9 10 | 10.0
Short Blades   | 3 |  3.2
Fighting       | |  2.6
Throwing       | |  2.0
Dodging        | |  1.0

Action                   |  1- 3 |  4- 6 || total
-------------------------+-------+-------++-------
Melee: Dagger            |    69 |    99 ||   168
       Constrict         |    16 |    23 ||    39
       Tentacles         |    11 |    20 ||    31
Throw: Dart              |    13 |       ||    13
  Use: Scroll            |       |     1 ||     1
 Stab: Sleeping          |    13 |    17 ||    30
       Distracted        |     2 |     1 ||     3
Armor: Skin              |    11 |     4 ||    15
Dodge: Dodged            |    35 |    39 ||    74

Table legend: (Time is in decaauts)
 A = Elapsed time spent in this place.
 B = Non-inter-level travel time spent in this place.
 C = Inter-level travel time spent in this place.
 D = Time resting spent in this place.
 E = Time spent auto-exploring this place.
 F = Levels seen in this place.
 G = Mean time per level.
                   A        B        C        D        E       F      G
               +--------+--------+--------+--------+--------+-----+--------+
         Total |   4146 |   4068 |     78 |    662 |   2828 |   5 |  829.2 |
       Dungeon |   4146 |   4068 |     78 |    662 |   2828 |   5 |  829.2 |
               +--------+--------+--------+--------+--------+-----+--------+

Top non-repeatable levels by time:
     D:1: 1405 daAuts
     D:3: 1189 daAuts
     D:2: 677 daAuts
     D:4: 669 daAuts
     D:5: 204 daAuts
